 Dungeon Sprint DCSS version 0.30-a0-782-ge64f9170bb (webtiles) character file.

Game seed: 5335384486662354226

30 octoduck the Cleaver (level 7, -3/67 HPs)
             Began as a Formicid Fighter on Feb 19, 2023.
             Was a Priest of Makhleb.
             Slain by a jumping spider (11 damage)
             ... in the Dungeon (Sprint VI: "Thunderdome").
             The game lasted 00:07:28 (353 turns).

octoduck the Cleaver (Formicid Fighter)              Turns: 353, Time: 00:07:29

Health: -3/67      AC:  7    Str: 23    XL:     7   Next: 43%
Magic:  7/7        EV:  9    Int:  7    God:    Makhleb [***...]
Gold:   119        SH:  5    Dex: 13    Spells: 6/6 levels left

rFire   . . .      SeeInvis +    a - +0 war axe
rCold   . . .      Faith    .    c - +0 buckler
rNeg    . . .      Spirit   .    b - +0 scale mail
rPois   .          Reflect  .    (helmet unavailable)
rElec   .          Harm     .    (no cloak)
rCorr   .          Rampage  .    (no gloves)
Will    .....                    (no boots) Stlth
                                 (no amulet)
HPRegen 0.31/turn                (no ring)
MPRegen 0.10/turn                (no ring)

@: no status effects
A: permanent stasis, dig shafts and tunnels, antennae 3, four strong arms
a: Dig, Renounce Religion, Minor Destruction, Lesser Servant of Makhleb


You were in the Dungeon.
You worshipped Makhleb.
Makhleb was most pleased with you.
You visited 1 branch You collected 250 gold pieces.
You spent 131 gold pieces at shops.

Inventory:

Hand Weapons
 a - a +0 war axe (weapon)
Armour
 b - a +0 scale mail (worn)
 c - a +0 buckler (worn)
Wands
 i - a wand of light (2)
 j - a wand of roots (4)
Scrolls
 h - a scroll of blinking
 k - 3 scrolls of fog
 o - 2 scrolls of identify
Potions
 d - a potion of might
 e - a potion of curing
 f - 4 potions of heal wounds
 g - 2 potions of magic
 l - 3 potions of haste
 m - a potion of resistance
 n - a potion of ambrosia


   Skills:
 - Level 10.4 Fighting
 * Level 10.6 Axes
 + Level 5.8 Armour
 + Level 6.6 Shields


You had 6 spell levels left.
You didn't know any spells.
Your spell library was empty.

Dungeon Overview and Level Annotations

Branches:
Dungeon (1/1)

Altars:
Cheibriados
Dithmenos
Fedhas
Gozag
Kikubaaqudgha
Makhleb
Okawaru
Qazlal
Ru
Sif Muna
Trog
Uskayaw
Vehumet
Wu Jian
Xom
Yredelemnul
Zin
The Shining One
Lugonu

Shops:
D *[??*?*:[((!!!!


Innate Abilities, Weirdness & Mutations

You cannot be hasted, slowed, berserked, paralysed or teleported.
You can dig through walls and to a lower floor.
You have a pair of large antennae on your head. (SInv)
Your four strong arms can wield two-handed weapons with a shield.


Message History

The jumping spider pounces on you.
You are caught in a web!
The jumping spider bites you but does no damage.
The jumping spider pounces on you!
The jumping spider bites you but does no damage.
Unknown command.
The web tears apart.
The jumping spider closely misses you.
The jumping spider bites you but does no damage.
You miss the jumping spider.
The jumping spider leaps! x2
Aiming: Bolt of Light
Press: ? - help, Shift-Dir - straight line, f - you
Okay, then.
Okay, then.
Aiming: Bolt of Light
Press: ? - help, Shift-Dir - straight line, f - jumping spider
Aim: a jumping spider (64% to hit)
The bolt of light hits the jumping spider.
The jumping spider is lightly wounded.
The jumping spider is blinded.
Aiming: Fastroot
Press: ? - help, Shift-Dir - straight line, f/p - jumping spider
Aim: a jumping spider (lightly wounded, blind)
The roots erupt in riotous growth!
Roots grab the jumping spider.
The grasping roots constrict the jumping spider.
A scorpion comes into view.
The jumping spider struggles to escape constriction.
The grasping roots constrict the jumping spider!
The roots release their grip on the jumping spider.
You block the jumping spider's attack. The jumping spider barely misses you.
You slash the jumping spider!
The jumping spider is severely wounded.
The jumping spider pounces on you!
* * * LOW HITPOINT WARNING * * *
You block the jumping spider's attack.
You hit the jumping spider but do no damage.
The jumping spider is severely wounded.
The jumping spider pounces on you.
* * * LOW HITPOINT WARNING * * *
You block the jumping spider's attack. The jumping spider pounces on you!
You die...

#_........# #_......._#
###.........###
#⌠...........⌠#
##.8.....[...8.######
.......###..s...._.∩##
.....8.# #.8........∩###
.......###†............##
....###...###...@......⌠#
....# #.<.# #...s......⌠#
....###..†###..........⌠#
.......###.............##
.....8.# #.8........∩###
_......###......___∩##
##.8.........8.######
#⌠...........⌠#
###.........###


You could see a jumping spider (blind) and a scorpion.

Vanquished Creatures
  Sigmund (D)
  A black bear (D)
  3 scorpions (D)
  A quasit (D)
  An iron imp (D)
  A shadow imp (D)
  A white imp (D)
  An ufetubus (D)
  A hobgoblin (D)
  A quokka (D)
  A rat (D)
13 creatures vanquished.

Notes
Turn   | Place    | Note
-------+----------+-------------------------------------------
     0 | D        | octoduck the Formicid Fighter began the quest for the Orb.
     0 | D        | Reached XP level 1. HP: 18/18 MP: 1/1
     3 | D        | Found a bloodstained altar of Trog.
     4 | D        | Found a shimmering blue altar of Sif Muna.
     5 | D        | Found a burning altar of Makhleb.
     5 | D        | Round 1.
     6 | D        | Found a corrupted altar of Lugonu.
     6 | D        | Found a shadowy altar of Dithmenos.
     6 | D        | Found Qalleroe's Staff Store.
     6 | D        | Found Zoth's Magic Scroll Shop.
     7 | D        | Found Xuorch's Must-Have Magic.
     7 | D        | Found Tammanux's Magic Scroll Shop.
    13 | D        | Became a worshipper of Makhleb the Destroyer
    17 | D        | Bought a scroll of identify for 20 gold pieces
    29 | D        | Noticed a black bear
    34 | D        | Killed a black bear
    35 | D        | Reached skill level 5 in Axes
    35 | D        | Reached XP level 2. HP: 32/32 MP: 2/2
    35 | D        | Reached XP level 3. HP: 37/37 MP: 3/3
    35 | D        | Reached XP level 4. HP: 44/44 MP: 4/4
    36 | D        | Found a glowing silver altar of Zin.
    37 | D        | Found a shimmering altar of Xom.
    38 | D        | Found an ornate altar of the Wu Jian Council.
    38 | D        | Found an ancient bone altar of Kikubaaqudgha.
    38 | D        | Found a stormy altar of Qazlal.
    38 | D        | Found Xinkal's Identification Station.
    39 | D        | Found Nus Wena's Jewellery.
    39 | D        | Found Yvvojar's Advanced Armour.
    43 | D        | Found a basalt altar of Yredelemnul.
    66 | D        | Noticed Sigmund
    85 | D        | Killed Sigmund
    85 | D        | Reached * piety under Makhleb
    86 | D        | Reached skill level 10 in Fighting
    86 | D        | Reached XP level 5. HP: 7/54 MP: 5/5
    86 | D        | Reached XP level 6. HP: 9/61 MP: 6/6
    98 | D        | Found a snail-covered altar of Cheibriados.
    98 | D        | Found a glowing golden altar of the Shining One.
   112 | D        | Found a blossoming altar of Fedhas.
   113 | D        | Found a hide-covered altar of Uskayaw.
   113 | D        | Found an iron altar of Okawaru.
   114 | D        | Found a sacrificial altar of Ru.
   114 | D        | Found Usadesmu's Premium Goods.
   114 | D        | Found Fylux's Weapon Rack.
   115 | D        | Found Teurpha's Miscellaneous Merchandise.
   115 | D        | Found Ymob's Basic Armour.
   125 | D        | Found an opulent altar of Gozag.
   160 | D        | Arena points: 6 (+6) [x1]
   163 | D        | Bought 3 scrolls of identify for 90 gold pieces
   175 | D        | Round 2.
   177 | D        | Found a radiant altar of Vehumet.
   177 | D        | Found Byisanu's Do-It-Yourself Clinic.
   177 | D        | Found Enivimy's Bottled Wisdom.
   180 | D        | Found Dysad's Distillery.
   181 | D        | Found Xypno's Distillery.
   210 | D        | Reached ** piety under Makhleb
   214 | D        | Reached skill level 5 in Shields
   229 | D        | Reached *** piety under Makhleb
   229 | D        | Arena points: 30 (+24) [x2]
   290 | D        | Round 3.
   310 | D        | Reached skill level 5 in Armour
   310 | D        | Reached XP level 7. HP: 61/67 MP: 7/7
   323 | D        | Reached skill level 10 in Axes
   340 | D        | Bought a potion of curing for 21 gold pieces
   343 | D        | Noticed a jumping spider
   353 | D        | Slain by a jumping spider

Illustrated notes

Levels and vault maps discovered:
D:        arena_sprint

Skill      XL: |  1  2  3  4  5  6  7 |
---------------+----------------------+-----
Fighting       | 7 10 | 10.4
Axes           | 5 8 9 10 | 10.6
Armour         | 5 |  5.8
Shields        | 6 |  6.6

Action                     |  1- 3 |  4- 6 |  7- 9 || total
---------------------------+-------+-------+-------++-------
  Melee: War axe           |     3 |    38 |    22 ||    63
  Evoke: Wand              |     1 |     1 |     2 ||     4
    Use: Scroll            |     1 |     1 |       ||     2
         Potion            |       |       |     1 ||     1
   Stab: Invisible         |     1 |     2 |       ||     3
 Armour: Scale mail        |       |    12 |    11 ||    23
  Dodge: Dodged            |     2 |    15 |     6 ||    23
  Block: Buckler           |     1 |     5 |     9 ||    15

Table legend: (Time is in decaauts)
 A = Elapsed time spent in this place.
 B = Non-inter-level travel time spent in this place.
 C = Inter-level travel time spent in this place.
 D = Time resting spent in this place.
 E = Time spent auto-exploring this place.
 F = Levels seen in this place.
 G = Mean time per level.
                   A        B        C        D        E       F      G
               +--------+--------+--------+--------+--------+-----+--------+
         Total |    360 |    351 |      9 |     79 |      0 |   1 |  360.0 |
       Dungeon |    360 |    351 |      9 |     79 |      0 |   1 |  360.0 |
               +--------+--------+--------+--------+--------+-----+--------+

Top non-repeatable levels by time:
       D: 360 daAuts
